 Dungeon Crawl Stone Soup version 0.29.1 (webtiles) character file.

Game seed: 4927188055268597828

194 qw the Chopper (level 5, -2/32 HPs)
             Began as a Gargoyle Fighter on Sept 13, 2022.
             Slain by Terence
             ... wielding a +0 trident
              (7 damage)
             ... on level 2 of the Dungeon.
             The game lasted 00:00:41 (2005 turns).

qw the Chopper (Gargoyle Fighter)                   Turns: 2005, Time: 00:00:42

Health: -2/32      AC: 10    Str: 22    XL:     5   Next: 73%
Magic:  5/5        EV:  9    Int:  8    God:
Gold:   164        SH:  4    Dex:  9    Spells: 4/4 levels left

rFire   . . .      SeeInvis .   Y - +0 war axe
rCold   . . .      Faith    .   c - +0 buckler
rNeg    + . .      Spirit   .   b - +0 scale mail
rPois   inf        Reflect  .   (no helmet)
rElec   +          Harm     .   (no cloak)
rCorr   .          Rampage  .   (no gloves)
Will    +....                   (no boots)
Stlth   ..........              (no amulet)
HPRegen 0.10/turn               o - ring of willpower
MPRegen 0.09/turn               (no ring)

@: about to teleport
A: sickness immunity, AC +4, negative energy resistance 1, electricity
resistance, torment resistance 1, petrification resistance
a: no special abilities


You were on level 2 of the Dungeon.
You visited 1 branch of the dungeon, and saw 2 of its levels.

You collected 164 gold pieces.


Innate Abilities, Weirdness & Mutations

You are immune to sickness and miasma.
Your stone body is resilient. (AC +4)
You are immune to poison.
You resist negative energy. (rN+)
You are resistant to electric shocks. (rElec)
You are resistant to unholy torment.
You are immune to petrification.


   Skills:
 + Level 3.4 Fighting
 - Level 5.1 Axes
 - Level 3.2 Armour
 - Level 3.2 Shields


You had 4 spell levels left.
You didn't know any spells.
Your spell library was empty.

Inventory:

Hand Weapons
 i - a +0 mace
 Y - a +0 war axe (weapon)
Armour
 b - a +0 scale mail (worn)
 c - a +0 buckler (worn)
 j - a +0 chain mail
Jewellery
 o - a ring of willpower (left hand)
Scrolls
 a - 2 scrolls of teleportation
 e - a scroll of acquirement {unknown}
 f - 3 scrolls of identify
 g - a scroll of noise {unknown}
 k - a scroll of brand weapon {unknown}
 m - a scroll of fear {unknown}
Potions
 d - a potion of might
 h - a potion of brilliance {unknown}
 l - a potion of haste {unknown}

Dungeon Overview and Level Annotations

Branches:
Dungeon (2/15)

Altars:
Okawaru

Annotations:
D:2 Terence


Message History

Terence hits you with a +0 trident.
You hit Terence but do no damage. You barely miss the frilled lizard.
The frilled lizard bites you. Terence barely misses you. x2
The frilled lizard bites you but does no damage.
You slash Terence!
Terence is severely wounded.
You miss the frilled lizard. The frilled lizard closely misses you.
Terence hits you but does no damage.
You hit Terence but do no damage.
Terence is severely wounded.
You completely miss the frilled lizard. The frilled lizard closely misses you.
Terence barely misses you.
You hit Terence.
Terence is severely wounded.
You hit the frilled lizard but do no damage.
The frilled lizard closely misses you. You block Terence's attack.
You barely miss Terence.
Terence is severely wounded.
You hit the frilled lizard.
You kill the frilled lizard!
Terence barely misses you.
Terence zaps a wand.
The puff of flame hits you!
You barely miss Terence.
Terence is severely wounded.
Terence looks scornfully at you. Terence hits you with a +0 trident.
You barely miss Terence.
Terence is severely wounded.
Terence hits you with a +0 trident.
You hit Terence.
Terence is severely wounded.
Terence hits you with a +0 trident.
Terence zaps a wand.
The puff of flame hits you.
You hit Terence.
Terence is almost dead.
Terence hits you with a +0 trident.
2005 ||| READING 3 scrolls of teleportation.
As you read the scroll of teleportation, it crumbles to dust.
You feel strangely unstable. Terence hits you with a +0 trident!
You die...

.<#..#.#............###.....####.
###..#.#.##...........####.>..##.
...#...#######...##.# ####.##.
....##### #...##.# #...##. #...
#...##.#####.####.
#............#....
#####............#.###
#................#.#..
#....@..##....##.#.#..
#...@#####...)...#.#.. #....
#.##.####.#.. ....... #.
#.####.#.. ..#.... #.##......
..#...$ #.##.##### #.... #....#
#.... ######


You could see Terence.

Vanquished Creatures
  A hound (D:2)
  2 orc priests (D:2)
  Jessica (D:2)
  An orc wizard (D:2)
  An adder (D:2)
  A worm (D:2)
  4 orcs (D:2)
  4 endoplasms
  3 goblins
  6 hobgoblins
  2 jackals (D:1)
  2 quokkas (D:1)
  3 ball pythons
  3 bats
  3 frilled lizards
  2 kobolds
  4 rats
43 creatures vanquished.

Notes
Turn   | Place    | Note
-------+----------+-------------------------------------------
     0 | D:1      | qw the Gargoyle Fighter began the quest for the Orb.
     0 | D:1      | Reached XP level 1. HP: 14/14 MP: 1/1
     0 | D:1      | 0 ||| qw: Version: 0.1-a-119-g272c26d
     0 | D:1      | 0 ||| qw: Game counter: 11146
     0 | D:1      | 0 ||| qw: Always use a shield: true
     0 | D:1      | 0 ||| qw: God list: Okawaru
     0 | D:1      | 0 ||| qw: Allow faded altars: false
     0 | D:1      | 0 ||| qw: Do Orc after D:15 true
     0 | D:1      | 0 ||| qw: Do second Lair branch before Depths: true
     0 | D:1      | 0 ||| qw: Lair rune preference: random
     0 | D:1      | 0 ||| qw: Plans: Normal, Zot, God:TSO, Crypt, Tomb, Pan,
                  | Slime, Hells, Zig, Abyss, Orb
     0 | D:1      | 0 ||| PLANNING D:1-11
    44 | D:1      | Reached skill level 2 in Axes
   481 | D:1      | Found a faded altar of an unknown god.
   508 | D:1      | Reached XP level 2. HP: 18/19 MP: 2/2
  1113 | D:1      | 1113 ||| UPGRADING to ring of willpower.
  1114 | D:1      | 1114 ||| READING 3 scrolls labelled SAWUIR YGAU.
  1118 | D:1      | 1118 ||| READING scroll labelled QOORUNNONIWI.
  1119 | D:1      | 1119 ||| READING scroll labelled POOGRA NEKY.
  1120 | D:1      | 1120 ||| READING scroll labelled PIFIROIL OKIGA.
  1121 | D:1      | 1121 ||| READING scroll labelled JIJUWE YROBYG.
  1122 | D:1      | 1122 ||| READING scroll labelled GUBRAUKHIT.
  1123 | D:1      | 1123 ||| READING scroll labelled XIUTYL BALL.
  1154 | D:2      | Found an iron altar of Okawaru.
  1194 | D:2      | Reached skill level 3 in Axes
  1194 | D:2      | Reached XP level 3. HP: 20/23 MP: 3/3
  1299 | D:2      | Noticed Jessica
  1305 | D:2      | 1305 ||| Stepping ~*~*~tactically~*~*~ (hiding).
  1307 | D:2      | Killed Jessica
  1439 | D:2      | Reached XP level 4. HP: 25/28 MP: 4/4
  1476 | D:2      | 1476 ||| Stepping ~*~*~tactically~*~*~ (hiding).
  1478 | D:2      | 1478 ||| Stepping ~*~*~tactically~*~*~ (hiding).
  1486 | D:2      | Reached skill level 4 in Axes
  1501 | D:2      | Reached XP level 5. HP: 22/32 MP: 5/5
  1687 | D:2      | 1687 ||| DROPPING +0 club.
  1719 | D:2      | Reached skill level 5 in Axes
  1989 | D:2      | Noticed Terence
  1990 | D:2      | 1990 ||| Stepping ~*~*~tactically~*~*~ (hiding).
  1991 | D:2      | 1991 ||| Stepping ~*~*~tactically~*~*~ (hiding).
  1992 | D:2      | 1992 ||| Stepping ~*~*~tactically~*~*~ (stealth).
  2004 | D:2      | HP: 5/32 [Terence/+0 trident (5)]
  2005 | D:2      | 2005 ||| READING 3 scrolls of teleportation.
  2005 | D:2      | Slain by Terence

Levels and vault maps discovered:
D:1:      minmay_arrival_stair_chambers, layout_basic, basic_ecumenical_altar,
          grunt_decor_arrowhead
D:2:      cheibrodos_pilgrimage, layout_basic, basic_altar, uniq_jessica,
          uniq_crazy_yiuf_cottage, uniq_terence

Skill      XL: |  1  2  3  4  5 |
---------------+----------------+-----
Axes           | 2 3 4 5 |  5.1
Fighting       | |  3.4
Armour         | |  3.2
Shields        | |  3.2

Action                   |  1- 3 |  4- 6 || total
-------------------------+-------+-------++-------
Melee: War axe           |    83 |    49 ||   132
  Use: Scroll            |     7 |     1 ||     8
Armor: Scale mail        |    53 |    28 ||    81
Dodge: Dodged            |    54 |    23 ||    77
Block: Buckler           |    11 |    14 ||    25

Table legend:
 A = Non-vault XP
 B = Vault XP
 C = Vault XP percentage of total XP
 D = Non-vault monster count
 E = Vault monster count
 F = Vault count percentage of total count
                 A         B        C        D         E       F
            +---------+---------+-------+---------+---------+-------
      Total |     112 |     166 |  59.7 |      35 |       8 |  18.6
            +---------+---------+-------+---------+---------+-------
        D:1 |      28 |       0 |   0.0 |      17 |       0 |   0.0
        D:2 |      84 |     166 |  66.4 |      18 |       8 |  30.8
            +---------+---------+-------+---------+---------+-------
